[ AOE2 MATCH · #505905233 ]
UnrankedBerbers vs Muisca
Player's team · LOSS
Rival team · WIN
[ REPLAY ANALYSIS · EXTRACTED FROM THE RECORDED GAME ]
Feudal
9:19
Castle
—
Imperial
—
| APM avg | 50.8 |
| APM peak | 95 |
| eAPM avg | 17.3 |
| Villagers / military | 36 / 8 |
Focus
⚔️ 35.2% · 🌾 64.8%
Archer ×6 · Skirmisher ×2
Feudal
8:46
Castle
—
Imperial
—
| APM avg | 51.7 |
| APM peak | 85 |
| eAPM avg | 18.1 |
| Villagers / military | 40 / 10 |
Focus
⚔️ 27.4% · 🌾 72.6%
Skirmisher ×5 · Unknown (2550) ×5 · Archer ×4 · Spearman ×1
Match map
Initial resources + every placement click. Lines = walls · curves = elevation contours. ◆ gold · ⬟ stone · ● berries · ✦ relic · ◌ wall gap
Your base· Open — 4t gap
Ode's base· Open — unwalled flank
Smoothed initial terrain · ◌ = detected wall gap · hover for details
Inputs per minute
— qazxx147 - - Ode
Build order — qazxx147
101 actions detected in the replay
| 0:01 | Queue | Villager (Male) |
| 0:02 | Build | House |
| 0:04 | Build | House |
| 0:14 | Queue | Villager (Male) |
| 0:14 | Queue | Villager (Male) |
| 0:14 | Queue | Villager (Male) |
| 1:23 | Queue | Villager (Male) |
| 2:01 | Queue | Villager (Male) |
| 2:19 | Queue | Villager (Male) |
| 2:51 | Queue | Villager (Male) |
| 2:51 | Queue | Villager (Male) |
| 2:53 | Build | Lumber Camp |
| 3:27 | Queue | Villager (Male) |
| 3:42 | Queue | Villager (Male) |
| 3:49 | Build | House |
| 4:00 | Queue | Villager (Male) |
| 4:17 | Queue | Villager (Male) |
| 4:53 | Queue | Villager (Male) |
| 4:59 | Queue | Villager (Male) |
| 5:33 | Queue | Villager (Male) |
| 5:39 | Queue | Villager (Male) |
| 5:40 | Build | Mill |
| 6:01 | Research | Loom |
| 7:09 | Research | Feudal Age |
| 7:15 | Build | Barracks |
| 7:24 | Build | House |
| 7:49 | Build | Palisade Wall |
| 8:01 | Build | Palisade Wall |
| 8:12 | Build | Palisade Wall |
| 8:29 | Build | Palisade Gate |
| 9:19 | Age | Feudal Age |
| 9:21 | Research | Town Watch |
| 9:25 | Build | Stable |
| 9:29 | Build | Archery Range |
| 9:33 | Queue | Villager (Male) |
| 9:50 | Research | Double-Bit Axe |
| 10:03 | Queue | Villager (Male) |
| 10:13 | Build | House |
| 10:18 | Build | Mining Camp |
| 10:21 | Queue | Villager (Male) |
| 10:24 | Build | Palisade Wall |
| 10:25 | Build | Palisade Wall |
| 10:26 | Queue | Archer |
| 10:28 | Build | Palisade Wall |
| 10:29 | Build | Palisade Wall |
| 10:31 | Build | Palisade Wall |
| 10:32 | Build | Palisade Wall |
| 10:33 | Build | Palisade Wall |
| 10:35 | Build | Palisade Wall |
| 10:36 | Queue | Villager (Male) |
| 10:40 | Build | Mill |
| 10:53 | Queue | Villager (Male) |
| 10:59 | Queue | Skirmisher |
| 11:10 | Build | House |
| 11:12 | Queue | Villager (Male) |
| 11:16 | Research | Horse Collar |
| 11:29 | Build | Farm |
| 11:38 | Build | House |
| 11:47 | Build | Farm |
| 11:59 | Queue | Archer |
| 12:03 | Build | Farm |
| 12:12 | Build | House |
| 12:14 | Queue | Archer |
| 12:19 | Queue | Villager (Male) |
| 12:21 | Build | Farm |
| 12:35 | Build | Palisade Gate |
| 12:44 | Queue | Villager (Male) |
| 13:08 | Build | Blacksmith |
| 13:09 | Queue | Villager (Male) |
| 13:21 | Queue | Villager (Male) |
| 13:26 | Build | Farm |
| 13:30 | Queue | Archer |
| 13:38 | Queue | Villager (Male) |
| 13:47 | Build | Farm |
| 13:58 | Build | House |
| 14:00 | Research | Fletching |
| 14:03 | Queue | Archer |
| 14:06 | Build | Farm |
| 14:28 | Queue | Villager (Male) |
| 14:28 | Queue | Archer |
| 14:29 | Queue | Villager (Male) |
| 14:33 | Build | Farm |
| 14:43 | Build | House |
| 14:48 | Queue | Skirmisher |
| 14:50 | Queue | Villager (Male) |
| 14:54 | Build | Farm |
| 15:02 | Research | Padded Archer Armor |
| 15:11 | Queue | Villager (Male) |
| 15:16 | Build | House |
| 15:40 | Build | Lumber Camp |
| 15:43 | Queue | Villager (Male) |
| 15:49 | Build | Palisade Wall |
| 16:04 | Build | House |
| 16:12 | Queue | Villager (Male) |
| 16:21 | Queue | Villager (Male) |
| 16:23 | Build | Mining Camp |
| 16:37 | Queue | Villager (Male) |
| 16:39 | Build | Farm |
| 16:40 | Build | Farm |
| 16:57 | Build | Farm |
| 17:06 | Build | Palisade Wall |
Build order — Ode
105 actions detected in the replay
| 0:00 | Queue | Villager (Male) |
| 0:00 | Queue | Villager (Male) |
| 0:01 | Queue | Villager (Male) |
| 0:01 | Queue | Villager (Male) |
| 0:01 | Queue | Villager (Male) |
| 0:02 | Build | House |
| 0:04 | Build | House |
| 1:23 | Queue | Villager (Male) |
| 1:51 | Build | Settlement |
| 2:08 | Queue | Villager (Male) |
| 2:30 | Queue | Villager (Male) |
| 2:53 | Queue | Villager (Male) |
| 3:09 | Queue | Villager (Male) |
| 3:49 | Queue | Villager (Male) |
| 4:17 | Queue | Villager (Male) |
| 4:17 | Queue | Villager (Male) |
| 4:31 | Queue | Villager (Male) |
| 4:35 | Queue | Villager (Male) |
| 5:06 | Queue | Villager (Male) |
| 5:18 | Build | Barracks |
| 5:50 | Queue | Villager (Male) |
| 5:56 | Research | Loom |
| 6:00 | Research | Loom |
| 6:36 | Research | Feudal Age |
| 6:48 | Build | Settlement |
| 7:00 | Queue | Unit 2550 |
| 7:24 | Queue | Unit 2550 |
| 8:41 | Queue | Villager (Male) |
| 8:46 | Age | Feudal Age |
| 8:48 | Research | Tech 1402 |
| 9:03 | Queue | Unit 2550 |
| 9:04 | Queue | Villager (Male) |
| 9:18 | Build | House |
| 9:20 | Build | Palisade Wall |
| 9:30 | Queue | Villager (Male) |
| 9:47 | Build | House |
| 9:49 | Build | Palisade Wall |
| 9:57 | Queue | Villager (Male) |
| 10:00 | Build | Farm |
| 10:21 | Build | Palisade Wall |
| 10:23 | Build | Palisade Wall |
| 10:31 | Queue | Villager (Male) |
| 10:54 | Build | Archery Range |
| 10:56 | Build | Palisade Wall |
| 11:04 | Queue | Villager (Male) |
| 11:13 | Build | Palisade Wall |
| 11:16 | Queue | Villager (Male) |
| 11:19 | Queue | Spearman |
| 11:28 | Research | Double-Bit Axe |
| 11:51 | Queue | Archer |
| 11:52 | Queue | Archer |
| 11:59 | Build | Farm |
| 11:59 | Queue | Villager (Male) |
| 12:00 | Queue | Villager (Male) |
| 12:05 | Build | Farm |
| 12:08 | Queue | Archer |
| 12:26 | Queue | Villager (Male) |
| 12:38 | Queue | Skirmisher |
| 12:48 | Build | Palisade Gate |
| 12:52 | Queue | Villager (Male) |
| 12:55 | Build | House |
| 12:56 | Build | House |
| 12:57 | Build | Palisade Wall |
| 13:09 | Queue | Villager (Male) |
| 13:19 | Build | House |
| 13:21 | Queue | Villager (Male) |
| 13:27 | Queue | Skirmisher |
| 13:39 | Build | Blacksmith |
| 13:46 | Queue | Villager (Male) |
| 13:47 | Queue | Skirmisher |
| 13:54 | Build | Settlement |
| 14:25 | Research | Fletching |
| 14:27 | Queue | Skirmisher |
| 14:31 | Build | Farm |
| 14:52 | Build | Watch Tower |
| 14:58 | Queue | Villager (Male) |
| 14:59 | Queue | Villager (Male) |
| 15:00 | Build | Farm |
| 15:01 | Build | Farm |
| 15:07 | Build | Farm |
| 15:11 | Queue | Archer |
| 15:21 | Queue | Villager (Male) |
| 15:26 | Build | Farm |
| 15:32 | Build | Farm |
| 15:37 | Build | Palisade Wall |
| 15:38 | Build | Palisade Wall |
| 15:40 | Build | Palisade Wall |
| 15:47 | Build | Farm |
| 15:50 | Build | Farm |
| 15:52 | Queue | Villager (Male) |
| 16:15 | Build | Watch Tower |
| 16:17 | Queue | Villager (Male) |
| 16:20 | Build | Farm |
| 16:21 | Build | Farm |
| 16:23 | Queue | Villager (Male) |
| 16:41 | Build | House |
| 16:43 | Build | Palisade Wall |
| 17:01 | Build | Watch Tower |
| 17:07 | Queue | Skirmisher |
| 17:08 | Queue | Villager (Male) |
| 17:31 | Queue | Villager (Male) |
| 17:36 | Queue | Unit 2550 |
| 17:36 | Queue | Unit 2550 |
| 17:48 | Queue | Villager (Male) |
| 17:52 | Build | Farm |
Match timeline
| 5:18 | Ode · first_building Barracks |
| 7:15 | qazxx147 · first_building Barracks |
| 7:49 | qazxx147 · wall_segment Palisade Wall x7 |
| 8:01 | qazxx147 · wall_segment Palisade Wall x6 |
| 8:12 | qazxx147 · wall_segment Palisade Wall x7 |
| 8:46 | Ode · age_up feudal |
| 9:19 | qazxx147 · age_up feudal |
| 9:20 | Ode · wall_segment Palisade Wall x4 |
| 9:25 | qazxx147 · first_building Stable |
| 9:29 | qazxx147 · first_building Archery Range |
| 9:49 | Ode · wall_segment Palisade Wall x7 |
| 10:21 | Ode · wall_segment Palisade Wall x2 |
| 10:23 | Ode · wall_segment Palisade Wall x7 |
| 10:24 | qazxx147 · wall_segment Palisade Wall x1 |
| 10:25 | qazxx147 · wall_segment Palisade Wall x1 |
| 10:28 | qazxx147 · wall_segment Palisade Wall x1 |
| 10:29 | qazxx147 · wall_segment Palisade Wall x1 |
| 10:31 | qazxx147 · wall_segment Palisade Wall x1 |
| 10:32 | qazxx147 · wall_segment Palisade Wall x1 |
| 10:33 | qazxx147 · wall_segment Palisade Wall x1 |
| 10:35 | qazxx147 · wall_segment Palisade Wall x1 |
| 10:54 | Ode · first_building Archery Range |
| 10:56 | Ode · wall_segment Palisade Wall x6 |
| 11:13 | Ode · wall_segment Palisade Wall x4 |
| 12:57 | Ode · wall_segment Palisade Wall x1 |
| 15:37 | Ode · wall_segment Palisade Wall x1 |
| 15:38 | Ode · wall_segment Palisade Wall x1 |
| 15:40 | Ode · wall_segment Palisade Wall x1 |
| 15:49 | qazxx147 · wall_segment Palisade Wall x6 |
| 16:43 | Ode · wall_segment Palisade Wall x5 |
| 17:06 | qazxx147 · wall_segment Palisade Wall x7 |
| 17:54 | qazxx147 · resign |
[ AI ANALYSIS · 1 CREDIT ]
What really happened in this match?
Wolo.gg analyzes every decision: build order, eco, micro, common mistakes by bracket. Personalized analysis on WhatsApp or Discord in 30 seconds.
Civ guide
Berbers
Perfil
Jugador #1167328